 Dungeon Crawl Stone Soup version 0.18-a0-1197-g8004e50 (webtiles) character file.

772 Ijustatesigmund the Cudgeler (level 7, -6/56 HPs)
             Began as a Demonspawn Fighter on Jan 30, 2016.
             Mangled by a centaur (7 damage)
             ... on level 5 of the Dungeon.
             The game lasted 00:08:03 (4443 turns).

Ijustatesigmund the Cudgeler (Demonspawn Fighter)   Turns: 4443, Time: 00:08:03

Health: -6/56      AC:  8    Str: 18    XL:     7   Next: 53%
Magic:  7/7        EV:  8    Int: 13    God:
Gold:   182        SH:  9    Dex: 15    Spells: 0 memorised, 6 levels left

rFire  . . .     SeeInvis .     r - +4 flail
rCold  . . .     Gourm    .     b - +0 scale mail
rNeg   . . .     Faith    .     c - +0 shield
rPois  .         Spirit   .     (no helmet)
rElec  .         Dismiss  .     e - +0 cloak
rCorr  .         Reflect  .     (no gloves)
SustAt .         Harm     .     (boots unavailable)
MR     .....                    (no amulet)
Stlth  ..........               m - +4 ring of intelligence
                                w - +2 ring of strength

@: fainting, not resistant to hostile enchantments, extremely unstealthy
A: talons 3, demonic guardian 1
a: no special abilities


You were on level 5 of the Dungeon.
You were fainting.

You visited 1 branch of the dungeon, and saw 5 of its levels.

You collected 182 gold pieces.

Inventory:

Hand Weapons
 r - a +4 flail (weapon)
Armour
 b - a +0 scale mail (worn)
 c - a +0 shield (worn)
 e - a +0 cloak (worn)
Jewellery
 h - an uncursed ring of flight
 m - a +4 ring of intelligence (right hand)
 w - a +2 ring of strength (left hand)
 y - an uncursed ring of sustain attributes
 B - a cursed ring of teleportation {unknown}
Wands
 u - a wand of paralysis (14/24)
Scrolls
 a - a scroll of recharging {unknown}
 n - a scroll of remove curse
 p - a scroll of fear
 s - a scroll of fog
Potions
 d - 3 potions of might
 g - a potion of agility
 k - 3 potions of curing
 l - a potion of flight {unknown}
 t - 2 potions of heal wounds {unknown}
 v - a potion of ambrosia {unknown}
 x - a potion of invisibility {unknown}
 z - a potion of poison {unknown}
 A - 2 potions of lignification {unknown}
Comestibles
 f - 3 bread rations
 i - 2 beef jerkies
 j - 2 slices of pizza
 o - 2 fruits
 q - 2 meat rations


   Skills:
 - Level 5.0 Fighting
 - Level 5.4 Maces & Flails
 + Level 3.6 Armour
 + Level 2.1 Dodging
 + Level 3.6 Shields


You had 6 spell levels left.
You didn't know any spells.

Dungeon Overview and Level Annotations

Branches:
Dungeon (5/15)
 Temple: D:4-7

Altars:


Innate Abilities, Weirdness & Mutations

You have claws for feet.
A weak demonic guardian rushes to your aid.


Message History

* * * LOW HITPOINT WARNING * * *
There is an open door, spattered with blood here.
Things that are here:
2 arrows of frost; 2 arrows You sock the centaur!
Your kick misses the centaur.
The centaur is heavily wounded.
The centaur hits you.
* * * LOW HITPOINT WARNING * * *
The centaur hits you.
* * * LOW HITPOINT WARNING * * *
The centaur hits you but does no damage.
You hit the centaur but do no damage. You claw the centaur, but do no damage.
The centaur is heavily wounded.
You block the centaur's attack. The centaur hits you.
* * * LOW HITPOINT WARNING * * *
The centaur hits you but does no damage. x2
You barely miss the centaur. You claw the centaur, but do no damage.
The centaur is heavily wounded.
You block the centaur's attack. The centaur hits you!
You die...

#.. #'##.##..##...
.###..####.##.##'###...
.......#.†.#....<......
.......#...#...........
.......#†..+...........
##+##.....#####+##...
...##..(.#####.... ...
....(...##...##... ..
...####(@c..!$#.... .
###c....# ... ./...# ..
+...## ####


You could see 2 centaurs.

Vanquished Creatures
  A hungry ghost (D:5)
  A giant frog (D:4)
  A scorpion (D:4)
  A crimson imp (D:4)
  A hound (D:3)
  3 orc wizards
  An iguana (D:4)
  3 worker ants
  A hound skeleton (D:4)
  3 gnolls (D:4)
  6 adders
  An ooze (D:3)
  A worm (D:3)
  5 giant geckos
  19 orcs
  11 bats
  5 giant cockroaches
  12 goblins
  10 hobgoblins
  10 jackals
  7 kobolds
  2 quokkas (D:2)
  2 ball pythons
  8 giant newts
  2 rats
117 creatures vanquished.

Vanquished Creatures (collateral kills)
  A giant frog (D:5)
1 creature vanquished.

Grand Total: 118 creatures vanquished

Notes
Turn   | Place    | Note
--------------------------------------------------------------
     0 | D:1      | Ijustatesigmund the Demonspawn Fighter began the quest for the Orb.
     0 | D:1      | Reached XP level 1. HP: 18/18 MP: 1/1
    34 | D:1      | Gained mutation: A weak demonic guardian rushes to your aid. [demonic ancestry]
    34 | D:1      | Reached XP level 2. HP: 10/24 MP: 2/2
   540 | D:1      | Reached XP level 3. HP: 29/29 MP: 3/3
  1546 | D:2      | Reached XP level 4. HP: 22/37 MP: 4/4
  2138 | D:3      | Reached skill level 4 in Fighting
  2261 | D:3      | Gained mutation: You have sharp toenails. [demonic ancestry]
  2261 | D:3      | Reached XP level 5. HP: 40/42 MP: 5/5
  2937 | D:3      | Gained mutation: You have razor-sharp toenails. [demonic ancestry]
  2937 | D:3      | Reached XP level 6. HP: 49/49 MP: 6/6
  3181 | D:4      | HP: 2/49 [gnoll/spear (1)]
  3493 | D:4      | Reached skill level 5 in Maces & Flails
  3751 | D:4      | Reached skill level 5 in Fighting
  3895 | D:4      | Reached skill level 1 in Dodging
  3895 | D:4      | Gained mutation: You have claws for feet. [demonic ancestry]
  3895 | D:4      | Reached XP level 7. HP: 56/56 MP: 7/7
  4392 | D:5      | Entered Level 5 of the Dungeon
  4427 | D:5      | Noticed a hungry ghost
  4439 | D:5      | Killed a hungry ghost
  4442 | D:5      | HP: 1/56 [centaur (3)]
  4443 | D:5      | Mangled by a centaur

Vault maps used:
D:1:      erik_arrival_triangle_large
D:2:      kennysheep_big_flooded_room
D:3:      first_bread
D:5:      minmay_joined_circles, uniq_edmund

Action                   |  1- 3 |  4- 6 |  7- 9 || total
-------------------------+-------+-------+-------++-------
Melee: Flail             |   136 |   209 |    63 ||   408
  Use: Scroll            |     6 |     4 |       ||    10
  Eat: Chunk             |     2 |     8 |     2 ||    12
